AoeStats
← emre_gul19

Oasis

509945516Analyzed
4v4 RM · 2d ago on Sep 28, 2026· 25m 5s· 8 players
Game mode
Random Map
Map size
Large (8 player)
Population
200
Speed
Normal
Resources
Standard
Victory
Conquest
Starting age
Dark Age
Ending age
Imperial Age
RankedLock teamsTeams togetherTeam positionsShared explorationLock speedFull tech treeHidden civsTurbo modeCheats
Victory
Defeat
🇵🇰 Koreans · Pakistan
1350
+15
🇧🇷 Franks · Brazil
1348
+15
🇹🇷 Persians · Türkiye
1312
+17
🇮🇹 Britons · Italy
1301
+17
🇩🇪 Chinese · Germany
1371
-18
🇨🇭 Ethiopians · Switzerland
1363
-17
🇩🇪 Varangians · Germany
1308
-15
🇩🇪 Hindustanis · Germany
1288
-14
rhino
7:58 Loom
10:46 Feudal Age
12:31 Fletching
12:43 Padded Archer Armor
15:27 Double-Bit Axe
bene
8:05 Loom
9:50 Feudal Age
10:46 Double-Bit Axe
11:54 Bloodlines
15:54 Forging
17:11 Scale Barding Armor
22:26 Castle Age
Fabulous_Fabian
0:27 Loom
8:59 Feudal Age
9:45 Double-Bit Axe
12:50 Fletching
22:23 Castle Age
21:04 Padded Archer Armor
22:03 Gold Mining
Birkules
2:34 Loom
10:03 Feudal Age
17:10 Castle Age
16:43 Scale Barding Armor
16:49 Forging
16:45 Double-Bit Axe
17:17 Horse Collar
18:56 Bloodlines
21:04 Gold Mining
23:30 Husbandry
Fs.Emmanuel
10:02 Feudal Age
13:40 Castle Age
12:03 Double-Bit Axe
HSL | errik
6:04 Loom
9:15 Feudal Age
9:47 Double-Bit Axe
13:34 Fletching
16:10 Padded Archer Armor
23:33 Castle Age
22:30 Gold Mining
23:30 Horse Collar
23:35 Crossbowman
24:13 Bodkin Arrow
emre_gul19
6:49 Loom
9:15 Feudal Age
10:37 Wheelbarrow
9:49 Double-Bit Axe
11:01 Horse Collar
23:54 Castle Age
22:06 Stone Mining
24:03 Gold Mining
24:44 Bloodlines
24:52 Bow Saw
24:45 Heavy Plow
25:03 Hand Cart
24:39 Town Watch
BliTz07
5:12 Loom
11:00 Feudal Age
15:12 Castle Age
22:55 Fletching
Connection lost

Rejoining the realm…

Still unreachable

The connection could not be restored.

Session expired

The server has moved on; the page needs a fresh start.